 Dungeon Crawl Stone Soup version 0.22.1-2-g9c5b331 (webtiles) character file.

6469 magicm the Markscentaur (level 10, -5/88 HPs)
             Began as a Centaur Hunter on Nov 20, 2018.
             Was an Elder of Okawaru.
             Slain by a yak (8 damage)
             ... on level 9 of the Dungeon.
             The game lasted 00:35:40 (7926 turns).

magicm the Markscentaur (Centaur Hunter)            Turns: 7926, Time: 00:35:41

Health: -5/88      AC: 11    Str: 14    XL:     10   Next: 68%
Magic:  6/11       EV: 10    Int: 10    God:    Okawaru [****..]
Gold:   456        SH:  0    Dex: 14    Spells: 9/9 levels left

rFire    . . .     SeeInvis +   b - +1 mace (holy)
rCold    . . .     Gourm    .   (no shield)
rNeg     . . .     Faith    .   c - +3 leather armour
rPois    .         Spirit   .   z - +1 helmet
rElec    .         Reflect  .   x - +0 cloak
rCorr    .         Harm     .   (no gloves)
MR       +....                  (no barding)
Stlth    +.........             (no amulet)
HPRegen  0.24/turn              k - ring of see invisible
MPRegen  0.12/turn              E - ring of protection from magic

@: very quick
A: large, hooves 3, deformed body, speed 2, tough skin 3
a: Heroism, Renounce Religion


You were on level 9 of the Dungeon.
You worshipped Okawaru.
Okawaru was greatly pleased with you.
You were not hungry.

You visited 1 branch of the dungeon, and saw 9 of its levels.
You also visited: Sewer and Ossuary.

You collected 456 gold pieces.

Inventory:

Hand Weapons
 a - a +4 shortbow
 b - a +1 mace of holy wrath (weapon)
Missiles
 d - 43 arrows
Armour
 c - a +3 leather armour (worn)
 x - a +0 cloak (worn)
 z - a +1 helmet (worn)
Jewellery
 k - a ring of see invisible (left hand)
 E - a ring of protection from magic (right hand)
Wands
 q - a wand of iceblast (8)
 t - a wand of flame (18)
 y - a wand of paralysis (13)
Scrolls
 e - 2 scrolls of amnesia
 j - 3 scrolls of teleportation
 D - 2 scrolls of remove curse
Potions
 g - 2 potions of invisibility
 h - 3 potions of magic
 i - 3 potions of brilliance
 m - 2 potions of ambrosia {unknown}
 n - 5 potions of curing
 o - a potion of cancellation {unknown}
 p - 2 potions of haste {unknown}
 s - 6 potions of might
 u - 3 potions of flight {unknown}
 v - 4 potions of agility
 w - 2 potions of berserk rage {unknown}
 B - 3 potions of mutation {unknown}
Comestibles
 f - 19 rations


   Skills:
 + Level 8.3 Fighting
 + Level 2.2 Maces & Flails
 + Level 15.8 Bows
 + Level 3.1 Armour
 + Level 3.0 Dodging
 + Level 1.1 Stealth
 + Level 0.1 Invocations
 + Level 1.7 Evocations


You had 9 spell levels left.
You didn't know any spells.
Your spell library was empty.

Dungeon Overview and Level Annotations

Branches:
Dungeon (9/15)             Temple (0/1) D:4
   Lair: D:8-11         Orc: D:9-12

Altars:
Ashenzari
Dithmenos
Fedhas
Gozag
Makhleb
Okawaru
The Shining One


Innate Abilities, Weirdness & Mutations

You have hooves in place of feet.
Armour fits poorly on your strangely shaped body.
You cover ground very quickly.
You have extremely tough skin. (AC +3)


Message History

You closely miss the yak. Your kick misses the yak.
The yak is heavily wounded.
The yak gores you but does no damage.
The orc warrior hits you with a war axe.
The yak gores you.
* * * LOW HITPOINT WARNING * * *
You hit the yak.
The yak is heavily wounded.
The orc warrior misses you. The yak gores you!
* * * LOW HITPOINT WARNING * * *
You closely miss the yak. You kick the yak, but do no damage.
The yak is heavily wounded.
The orc warrior barely misses you. The yak gores you but does no damage.
You closely miss the orc warrior. Your kick misses the orc warrior.
The yak closely misses you. The orc warrior closely misses you.
Your leather armour prevents you from hitting the orc warrior.
Your kick misses the orc warrior. The yak gores you!
* * * LOW HITPOINT WARNING * * *
The orc warrior closely misses you. The yak gores you!
You die...

#,#.#.....#*,,**,,,,,,*
#.#.#...#.#**,**..,,,,*
#.#.#†.##.###,,*..,,,,******
#...........#*,*..,,,,,,,,,*
###.#####.#.#*∩Z.#***,,,,,,*
###.....#.#.#*,Z.# *,,,,,,*
#.......#)#.#**,W# *,,,,,,*
##'###...#.#!####o# *,,,,,,*
.....+.....#....@Y# *,,,,,,*
.....#...########## *,,,,,,*
.....##### ******** ..####
..# ..##### ......# #####.##
.#* #..#


You could see a yak, a phantom and an orc warrior.

Vanquished Creatures
  2 two-headed ogres
  Joseph (D:7)
  4 yaks (D:9)
  A hungry ghost (D:8)
  Duvessa (D:6)
  A sky beast (D:5)
  2 ice beasts
  2 necrophages
  A black bear (D:8)
  A phantom (D:8)
  5 ogres
  3 centaurs
  2 big kobolds
  An elf zombie (D:7)
  A bullfrog (D:8)
  A wyvern zombie (Ossuary)
  3 elf skeletons (D:7)
  A scorpion (D:6)
  Dowan (D:6)
  5 killer bees (D:9)
  4 wights (D:7)
  3 howler monkeys (D:9)
  An electric eel (D:8)
  2 bullfrog zombies
  2 crimson imps
  2 bullfrog skeletons
  5 hounds
  A human zombie (D:7)
  3 jellies
  19 mummies (Ossuary)
  6 orc wizards
  A gnoll shaman (D:5)
  4 human skeletons (D:7)
  Natasha (twice) (D:4)
  3 iguanas
  2 worker ants
  2 killer bee zombies
  A hound zombie (D:6)
  A howler monkey zombie (Ossuary)
  2 worker ant zombies (Ossuary)
  11 adders
  3 gnolls (D:5)
  2 river rats (D:4)
  A shadow imp (D:6)
  2 oozes (Sewer)
  2 adder skeletons (D:8)
  4 adder zombies (Ossuary)
  2 worms
  8 leopard geckos
  21 orcs
  9 bats
  5 giant cockroaches
  2 goblins (D:1)
  7 hobgoblins
  9 jackals
  5 quokkas
  3 ball pythons
  9 frilled lizards
  A giant cockroach zombie (Ossuary)
  2 jackal zombies
  23 kobolds
  3 leopard gecko skeletons
  2 orc skeletons (D:7)
  A quokka zombie (D:6)
  19 rats
261 creatures vanquished.

Vanquished Creatures (others)
  A withered plant (Ossuary)
1 creature vanquished.

Grand Total: 262 creatures vanquished

Notes
Turn   | Place    | Note
-------+----------+-------------------------------------------
     0 | D:1      | magicm the Centaur Hunter began the quest for the Orb.
     0 | D:1      | Reached XP level 1. HP: 17/17 MP: 1/1
    58 | D:1      | Reached XP level 2. HP: 24/24 MP: 2/2
    90 | D:1      | Reached skill level 6 in Bows
   175 | D:1      | Found an iron altar of Okawaru.
   201 | D:1      | Became a worshipper of Warmaster Okawaru
   381 | D:1      | Reached XP level 3. HP: 29/29 MP: 3/3
   856 | D:2      | Reached skill level 7 in Bows
  1387 | D:2      | Reached XP level 4. HP: 36/36 MP: 4/4
  1694 | D:4      | Reached skill level 8 in Bows
  1868 | D:4      | Reached XP level 5. HP: 41/41 MP: 5/5
  1899 | D:4      | Found a glowing drain.
  1918 | Sewer    | Entered a sewer
  1946 | Sewer    | Reached * piety under Okawaru
  2443 | D:4      | Noticed Natasha
  2449 | D:4      | Killed Natasha
  2449 | D:4      | Reached skill level 9 in Bows
  2449 | D:4      | Reached XP level 6. HP: 50/50 MP: 6/6
  2693 | D:4      | Found a staircase to the Ecumenical Temple.
  2721 | D:4      | Noticed Natasha
  2726 | D:4      | Killed Natasha
  2965 | D:5      | Entered Level 5 of the Dungeon
  3052 | D:5      | Noticed a sky beast
  3074 | D:5      | Killed a sky beast
  3074 | D:5      | Reached skill level 10 in Bows
  3074 | D:5      | Reached skill level 1 in Armour
  3074 | D:5      | Reached XP level 7. HP: 44/57 MP: 7/7
  3156 | D:5      | Reached ** piety under Okawaru
  3487 | D:5      | Noticed a two-headed ogre
  3489 | D:5      | Reached skill level 1 in Maces & Flails
  3502 | D:5      | Killed a two-headed ogre
  3502 | D:5      | Reached skill level 11 in Bows
  3502 | D:5      | Reached XP level 8. HP: 66/66 MP: 8/8
  3559 | D:5      | Found a blossoming altar of Fedhas.
  3616 | D:5      | Reached *** piety under Okawaru
  3638 | D:5      | Reached skill level 12 in Bows
  4155 | D:6      | Reached skill level 5 in Fighting
  4302 | D:6      | Reached XP level 9. HP: 74/74 MP: 9/9
  4370 | D:6      | Noticed Dowan
  4379 | D:6      | Killed Dowan
  4379 | D:6      | Reached skill level 13 in Bows
  4582 | D:6      | Noticed Duvessa
  4595 | D:6      | Killed Duvessa
  4595 | D:6      | Reached **** piety under Okawaru
  4884 | D:7      | Found a shattered altar of Ashenzari.
  5027 | D:7      | Noticed Joseph
  5027 | D:7      | Paralysed by Joseph for 5 turns
  5063 | D:7      | Killed Joseph
  5281 | D:7      | Reached skill level 14 in Bows
  5481 | D:7      | Found a sand-covered staircase.
  5499 | D:7      | Received a gift from Okawaru
  5515 | Ossuary  | Entered an ossuary
  6037 | D:7      | Reached XP level 10. HP: 65/84 MP: 10/10
  6276 | D:8      | Reached skill level 15 in Bows
  6584 | D:8      | Found an opulent altar of Gozag.
  6736 | D:8      | Reached ***** piety under Okawaru
  6812 | D:8      | Found an iron altar of Okawaru.
  7102 | D:8      | Found a burning altar of Makhleb.
  7102 | D:8      | Found a shadowy altar of Dithmenos.
  7399 | D:9      | Noticed a two-headed ogre
  7429 | D:9      | Killed a two-headed ogre
  7429 | D:9      | Reached skill level 1 in Stealth
  7728 | D:9      | Received a gift from Okawaru
  7802 | D:9      | Found a glowing golden altar of the Shining One.
  7880 | D:9      | Reached skill level 1 in Evocations
  7926 | D:9      | HP: 3/88 [yak (11)]
  7926 | D:9      | Slain by a yak

Skill      XL: |  1  2  3  4  5  6  7  8  9 10 |
---------------+-------------------------------+-----
Bows           | 6 7 8 9 10 11 12 14 15 | 15.8
Fighting       | 3 4 5 6 8 |  8.3
Armour         | 1 2 3 |  3.1
Maces & Flails | 1 2 |  2.2
Dodging        | 2 3 |  3.0
Stealth        | 1 |  1.1
Evocations     | 1 |  1.7
Invocations    | |  0.1

Action                   |  1- 3 |  4- 6 |  7- 9 | 10-12 || total
-------------------------+-------+-------+-------+-------++-------
Melee: Mace              |       |     3 |     8 |    34 ||    45
       Kick              |       |       |     1 |    16 ||    17
       Punch             |       |       |       |     2 ||     2
 Fire: Shortbow          |   132 |   180 |   475 |   197 ||   984
Invok: Heroism           |       |       |     1 |     2 ||     3
       Finesse           |       |       |       |     1 ||     1
Evoke: Wand              |       |       |    11 |     1 ||    12
  Use: Scroll            |    12 |     2 |     7 |     7 ||    28
       Potion            |       |       |     2 |     6 ||     8
  Eat: Ration            |       |     2 |     2 |     2 ||     6
Armor: Leather armour    |    12 |    27 |    47 |    36 ||   122
Dodge: Dodged            |    17 |    36 |    53 |    53 ||   159
